 Dungeon Crawl Stone Soup version 0.29.1-15-g9cfb28693d (webtiles) character file.

Game seed: 16559338562954234522

426 Agrostarius the Chopper (level 6, -2/56 HPs)
             Began as a Hill Orc Fighter on Mar 31, 2023.
             Was an Initiate of Makhleb.
             Splashed by a jelly's acid (8 damage)
             ... on level 5 of the Dungeon.
             The game lasted 00:07:10 (3807 turns).

Agrostarius the Chopper (Hill Orc Fighter)          Turns: 3807, Time: 00:07:11

Health: -2/56      AC:  7    Str: 21    XL:     6   Next: 97%
Magic:  6/6        EV:  9    Int:  8    God:    Makhleb [......]
Gold:   275        SH:  4    Dex: 10    Spells: 5/5 levels left

rFire   . . .      SeeInvis .   a - +0 war axe
rCold   . . .      Faith    .   c - +0 buckler
rNeg    . . .      Spirit   .   b - +0 scale mail
rPois   .          Reflect  .   (no helmet)
rElec   .          Harm     .   (no cloak)
rCorr   .          Rampage  .   (no gloves)
Will    .....                   (no boots)
Stlth   ..........              (no amulet)
HPRegen 0.18/turn               (no ring)
MPRegen 0.10/turn               (no ring)

@: no status effects
A: no striking features
a: Renounce Religion


You were on level 5 of the Dungeon.
You worshipped Makhleb.
Makhleb was noncommittal.
You visited 2 branches of the dungeon, and saw 6 of its levels.

You collected 275 gold pieces.

Inventory:

Hand Weapons
 a - a +0 war axe (weapon)
 v - the +5 quarterstaff of the Lamprey {pain, rElec rCorr Str-3 Stlth+}
   (You found it on level 4 of the Dungeon)

   In the hands of one skilled in necromantic magic, it inflicts extra damage on
   living creatures.
   Str:       It affects your strength (-3).
   rElec:     It insulates you from electricity.
   rCorr:     It protects you from acid and corrosion.
   Stlth:     It makes you more stealthy.
Missiles
 m - 6 atropa-tipped darts (quivered)
Armour
 b - a +0 scale mail (worn)
 c - a +0 buckler (worn)
Jewellery
 l - a ring of ice
 p - an amulet of guardian spirit
Wands
 w - a wand of flame (17)
Scrolls
 d - a scroll of immolation {unknown}
 e - a scroll of fear {unknown}
 f - a scroll of fog {unknown}
 i - 2 scrolls of teleportation {unknown}
 j - a scroll of enchant weapon {unknown}
 k - 3 scrolls of amnesia {unknown}
 n - a scroll of torment {unknown}
 s - a scroll of identify {unknown}
 t - a scroll of magic mapping {unknown}
Potions
 g - 2 potions of mutation {unknown}
 h - 2 potions of lignification {unknown}
 o - 2 potions of brilliance {unknown}
 q - a potion of flight {unknown}
 r - a potion of ambrosia {unknown}
 u - 3 potions of curing {unknown}


   Skills:
 + Level 5.0 Fighting
 + Level 6.9 Axes
 + Level 4.3 Armour
 - Level 1.1 Dodging
 + Level 0.3 Stealth
 + Level 3.9 Shields


You had 5 spell levels left.
You didn't know any spells.
Your spell library contained the following spells:

 Spells                   Type           Power      Damage    Failure   Level
 Portal Projectile        Hex/Tloc       0%         N/A       99%         3
 Tukima's Dance           Hex            0%         N/A       99%         3
 Blade Hands              Tmut           0%         N/A       100%        5
 Fireball                 Conj/Fire      0%         3d3       100%        5
 Iskenderun's Battlesphe  Conj           0%         2d6       100%        5
 Conjure Ball Lightning   Conj/Air       0%         3x3d6     100%        6
 Orb of Destruction       Conj           0%         9d5       100%        7


Dungeon Overview and Level Annotations

Branches:
Dungeon (5/15)             Temple (1/1) D:4

Altars:
Ashenzari
Cheibriados
Dithmenos
Elyvilon
Gozag
Makhleb
Nemelex Xobeh
Qazlal
Ru
Sif Muna
Xom
Yredelemnul
The Shining One

Shops:
D:5 (


Message History

You kill the howler monkey!
Makhleb accepts your kill.
Your Fighting skill increases to level 5!
The iguana attacks as you move away! The iguana bites you.
* * * LOW HITPOINT WARNING * * *
The iguana attacks as you move away! The iguana barely misses you.
You hit the iguana.
The iguana is lightly wounded.
The iguana barely misses you.
You barely miss the iguana.
The iguana is lightly wounded.
The iguana completely misses you.
You slash the iguana!
The iguana is severely wounded.
The iguana bites you but does no damage.
You slash the iguana!
You kill the iguana!
Makhleb accepts your kill.
You start resting.
A jelly comes into view.
The jelly quivers.
The jelly closely misses you.
You barely miss the jelly. The jelly hits you.
You are splashed with acid!
You block the jelly's attack.
You hit the jelly.
Your hands burn!
* * * LOW HITPOINT WARNING * * *
The jelly is lightly wounded.
The jelly hits you.
* * * LOW HITPOINT WARNING * * *
You are splashed with acid!
* * * LOW HITPOINT WARNING * * *
You barely miss the jelly.
The jelly is lightly wounded.
The jelly hits you but does no damage.
You barely miss the jelly.
The jelly is lightly wounded.
The jelly hits you.
* * * LOW HITPOINT WARNING * * *
You are splashed with acid!
You die...

........... ..
..........##.....#....
............. .......
.........:# # ......#
..........###.#.....#
.........##...#.....##.
.........###..#.$......
......?.........J....# .
...#............@....#.. ..
##>........##.......# .#
#...........#.......#
..##...................#
......(....###..............
##.####...## ###............
.'.# .......##.............
#### #..#...................
....#...#.................


You could see a jelly.

Vanquished Creatures
  A phantom (D:5)
  A howler monkey (D:5)
  Jessica (D:3)
  2 iguanas (D:5)
  An orc wizard (D:3)
  Robin (D:3)
  8 adders
  2 ufetubi
  6 dart slugs
  12 orcs
  2 bats
  8 endoplasms
  7 giant cockroaches
  11 goblins
  10 hobgoblins
  4 quokkas
  6 ball pythons
  3 frilled lizards
  6 kobolds
  4 rats
96 creatures vanquished.

Notes
Turn   | Place    | Note
-------+----------+-------------------------------------------
     0 | D:1      | Agrostarius the Hill Orc Fighter began the quest for the
                  | Orb.
     0 | D:1      | Reached XP level 1. HP: 19/19 MP: 1/1
   281 | D:1      | Reached XP level 2. HP: 14/27 MP: 2/2
   477 | D:1      | Reached skill level 3 in Axes
   617 | D:1      | Found a faded altar of an unknown god.
   624 | D:1      | Prayed at the altar of an unknown god.
   624 | D:1      | Became a worshipper of Sif Muna the Loreminder
   624 | D:1      | Reached * piety under Sif Muna
   919 | D:2      | Reached XP level 3. HP: 13/33 MP: 3/3
  1017 | D:2      | Reached skill level 4 in Axes
  1077 | D:2      | Reached XP level 4. HP: 9/40 MP: 4/4
  1556 | D:3      | Noticed Robin
  1564 | D:3      | Reached ** piety under Sif Muna
  1571 | D:3      | Killed Robin
  1582 | D:3      | Noticed Jessica
  1588 | D:3      | Reached skill level 5 in Axes
  1591 | D:3      | Killed Jessica
  1592 | D:3      | Reached skill level 1 in Dodging
  1592 | D:3      | Reached XP level 5. HP: 10/46 MP: 5/5
  2247 | D:4      | Reached *** piety under Sif Muna
  2591 | D:4      | Found a staircase to the Ecumenical Temple.
  2655 | Temple   | Entered the Ecumenical Temple
  2705 | Temple   | Fell from the grace of Sif Muna
  2705 | Temple   | Became a worshipper of Makhleb the Destroyer
  2784 | D:4      | Identified the +5 quarterstaff of the Lamprey {pain, rElec
                  | rCorr Str-3 Stlth+}
  2796 | D:4      | Reached skill level 6 in Axes
  3054 | D:4      | Reached XP level 6. HP: 41/53 MP: 6/6
  3367 | D:5      | Entered Level 5 of the Dungeon
  3667 | D:5      | Found Carhof's Weapon Emporium.
  3716 | D:5      | Reached skill level 5 in Fighting
  3807 | D:5      | Splashed by a jelly's acid

Illustrated notes

Levels and vault maps discovered:
D:1:      minmay_arrival_semitransparent, layout_loops_ring,
          shapermc_ecumenical_altar_petra
D:2:      layout_rooms, ebering_dispersal_statue_hall, grunt_decor_one_mirror
D:3:      layout_basic, corexii_item_surrounded_by_moat, uniq_jessica,
          uniq_robin
D:4:      layout_loops_ring, minmay_temple_entry_hall, serial_forest,
          infiniplex_forest_corner_1, infiniplex_forest_lined_room_,
          infiniplex_forest_clump_small, infiniplex_forest_straight_4
D:5:      layout_cave_pools, lemuel_round_altar, serial_shops,
          nicolae_shop_hallway_stairs, grunt_ministairs_14
Temple:   nicolae_temple_two_arcs

Skill      XL: |  1  2  3  4  5  6 |
---------------+-------------------+-----
Axes           | 3 4 5 6 |  6.9
Fighting       | 4 5 |  5.0
Dodging        | 1 |  1.1
Armour         | 4 |  4.3
Stealth        | |  0.3
Shields        | |  3.9

Action                   |  1- 3 |  4- 6 || total
-------------------------+-------+-------++-------
Melee: War axe           |    80 |   182 ||   262
  Use: Potion            |       |     1 ||     1
Armor: Scale mail        |    33 |    82 ||   115
Dodge: Dodged            |    42 |    87 ||   129
Block: Buckler           |    22 |    38 ||    60
